 Dungeon Crawl Stone Soup version 0.21.1-1-g345015f (webtiles) character file.

171 BarelyRyan the Shooter (level 5, -7/46 HPs)
             Began as a Minotaur Hunter on June 19, 2018.
             Killed from afar by a ball python skeleton (26 damage)
             ... with an exploding inner flame
             ... hexed by the player character
             ... on level 4 of the Dungeon.
             The game lasted 00:27:45 (3691 turns).

BarelyRyan the Shooter (Minotaur Hunter)            Turns: 3691, Time: 00:27:47

Health: -7/46      AC:  8    Str: 17    XL:     5   Next: 26%
Magic:  4/4        EV:  7    Int:  8    God:
Gold:   133        SH:  4    Dex: 11    Spells: 4/4 levels left

rFire    . . .     SeeInvis .   T - +2 war axe (flame)
rCold    . . .     Gourm    .   (no shield)
rNeg     . . .     Faith    .   J - +0 chain mail
rPois    .         Spirit   .   (helmet restricted)
rElec    .         Reflect  +   (no cloak)
rCorr    .         Harm     .   (no gloves)
MR       .....                  (no boots)
Stlth    ..........             E - +4 amulet of reflection
HPRegen  0.15/turn              U - ring of stealth
MPRegen  0.09/turn              (no ring)

@: no status effects
A: retaliatory headbutt, horns 2
a: no special abilities


You were on level 4 of the Dungeon.
You were not hungry.

You visited 1 branch of the dungeon, and saw 4 of its levels.

You collected 133 gold pieces.

Inventory:

Hand Weapons
 a - a +1 shortbow
 b - a +0 short sword
 e - a +0 dagger
 g - a +0 hand axe
 h - a +0 club
 i - a +0 club
 n - a +0 club
 v - a +0 club
 x - a +0 short sword
 y - a +0 club
 A - a +1 dagger
 B - a cursed +0 club
 G - a +0 whip
 I - a +0 short sword
 K - a +0 club
 Q - a +0 club
 R - a +0 club
 S - a +0 hand axe
 T - a +2 war axe of flaming (weapon)
Missiles
 d - 44 arrows
 k - 115 stones (quivered)
 m - 4 needles of paralysis
 o - 14 poisoned needles
 L - 45 bolts
Armour
 c - a +0 leather armour
 q - a +0 robe
 r - a +0 ring mail
 u - a +0 scale mail
 F - a +0 ring mail
 J - a +0 chain mail (worn)
 O - a +0 ring mail
Jewellery
 w - a +3 ring of dexterity
 E - a +4 amulet of reflection (around neck)
 H - an uncursed ring of ice {unknown}
 U - a ring of stealth (left hand)
Wands
 M - a wand of polymorph (8)
Scrolls
 j - 2 scrolls of remove curse
 p - a scroll of noise
 s - a scroll of immolation
 P - a scroll of identify
Potions
 l - 2 potions of resistance {unknown}
 t - a potion of flight {unknown}
 z - a potion of heal wounds
 C - a potion of invisibility {unknown}
 D - 2 potions of lignification
 N - a potion of curing {unknown}
Comestibles
 f - 9 rations


   Skills:
 + Level 3.7 Fighting
 + Level 0.1 Short Blades
 + Level 0.1 Axes
 + Level 6.4 Bows
 + Level 0.1 Armour
 + Level 2.6 Dodging
 + Level 1.0 Stealth


You had 4 spell levels left.
You didn't know any spells.

Dungeon Overview and Level Annotations

Branches:
Dungeon (4/15)
 Temple: D:4-7

Altars:


Innate Abilities, Weirdness & Mutations

You reflexively headbutt those who attack you in melee.
You have a pair of horns on your head.


Message History

You barely miss the orc wizard. The hound completely misses you.
You block the orc wizard's attack.
The orc wizard hits you but does no damage.
The hound bites you. The orc wizard hits you with a dagger.
The orc barely misses you.
The orc wizard hits you but does no damage.
As you read the scroll of immolation, it crumbles to dust.
The creatures around you are filled with an inner flame!
The hound bites you but does no damage. You block the orc wizard's attack.
The orc closely misses you.
The orc wizard hits you but does no damage.
The hound barely misses you.
The orc wizard gestures at you while chanting.
You resist with some effort.
The ball python skeleton barely misses you.
You furiously retaliate!
You headbutt the ball python skeleton!
The ball python skeleton explodes!
The fiery explosion engulfs you!
Ouch! That really hurt!
You die...

... ....# #...
....# #...
....# ... ....+
. ..###...#
..###..(...+
.......(...#
...(..)o)..#
......)@h§.#
......oo.§.#
.......§§§.....
...............
...............
...............
#####.#........
......#####


You could see a hound (inner flame), 2 orc wizards and an orc (inner flame).

Vanquished Creatures
  An orc wizard (D:4)
  A hound zombie (D:3)
  4 adders
  A worm (D:2)
  A dart slug (D:1)
  2 leopard geckos
  4 orcs (D:4)
  A ball python (D:3)
  8 bats
  A giant cockroach (D:3)
  7 goblins
  14 hobgoblins
  6 jackals
  A quokka (D:2)
  11 frilled lizards
  9 kobolds
  5 rats
77 creatures vanquished.

Notes
Turn   | Place    | Note
-------+----------+-------------------------------------------
     0 | D:1      | BarelyRyan the Minotaur Hunter began the quest for the Orb.
     0 | D:1      | Reached XP level 1. HP: 18/18 MP: 0/0
   388 | D:1      | Reached XP level 2. HP: 25/25 MP: 1/1
   499 | D:1      | Reached skill level 5 in Bows
   981 | D:1      | Reached XP level 3. HP: 28/30 MP: 2/2
  1469 | D:2      | Reached XP level 4. HP: 31/38 MP: 3/3
  2515 | D:3      | Reached skill level 6 in Bows
  3684 | D:4      | Reached skill level 1 in Stealth
  3684 | D:4      | Reached XP level 5. HP: 41/46 MP: 4/4
  3691 | D:4      | Killed from afar by a ball python skeleton

Skill      XL: |  1  2  3  4 |
---------------+-------------+-----
Bows           | 5 6 |  6.4
Fighting       | 3 |  3.7
Stealth        | 1 |  1.0
Short Blades   | |  0.1
Axes           | |  0.1
Armour         | |  0.1
Dodging        | |  2.6

Action                   |  1- 3 |  4- 6 || total
-------------------------+-------+-------++-------
Melee: Shortbow          |     3 |     5 ||     8
       Headbutt          |     1 |     5 ||     6
       Short sword       |       |     9 ||     9
       War axe           |       |     9 ||     9
 Fire: Shortbow          |   101 |    70 ||   171
Throw: Stone             |       |     2 ||     2
Evoke: Wand              |       |     1 ||     1
  Use: Potion            |     1 |     1 ||     2
       Scroll            |       |     8 ||     8
  Eat: Ration            |     1 |     1 ||     2
       Chunk             |       |     1 ||     1
Armor: Robe              |     5 |     2 ||     7
       Leather armour    |     1 |       ||     1
       Chain mail        |       |    43 ||    43
Dodge: Dodged            |    22 |    51 ||    73
Block: Other             |       |    13 ||    13
